 Dungeon Crawl Stone Soup version 0.14-a0-2746-g43b4f9c (webtiles) character file.

113 Kae the Firebug (level 4, -1/24 HPs)
             Began as a Tengu Fire Elementalist on Feb 22, 2014.
             Slain by an adder (3 damage)
             ... on Level 2 of the Dungeon.
             The game lasted 00:02:18 (2132 turns).

Kae the Firebug (Tengu Fire Elementalist)           Turns: 2132, Time: 00:02:18

HP  -1/24        AC  2     Str 13      XL: 4   Next: 46%
MP   9/9         EV 12     Int 16      God:
Gold 29          SH  0     Dex 15      Spells:  1 memorised,  7 levels left

rFire  . . .     SeeInvis .     j - +0 dagger
rCold  . . .     Clarity  .     a - +0 robe
rNeg   . . .     Conserve .     (no shield)
rPois  .         rCorr    .     (helmet restricted)
rElec  .         rRot     .     (no cloak)
SustAb . .       Spirit   .     (no gloves)
rMut   .         Warding  .     (boots unavailable)
Saprov . . .     Stasis   .     (no amulet)
MR     .....                    (no ring)
                                (no ring)

@: mighty, mildly poisoned, not resistant to hostile enchantments, fairly
stealthy
A: beak, talons 3
a: no special abilities


You were on level 2 of the Dungeon.
You were not hungry.

You visited 1 branch of the dungeon, and saw 2 of its levels.

You collected 29 gold pieces.

Inventory:

Hand weapons
 j - a +0,+0 dagger (weapon)
Armour
 a - a +0 robe (worn)
Comestibles
 c - 6 bread rations
 g - a pear
 k - a meat ration
Scrolls
 e - 3 scrolls of identify {unknown}
 i - 2 scrolls of remove curse {unknown}
 m - 3 scrolls of teleportation {unknown}
 o - a scroll of enchant armour {unknown}
Jewellery
 f - an uncursed amulet of guardian spirit {unknown}
Potions
 d - a potion of brilliance {unknown}
 h - a potion of cure mutation {unknown}
 l - 2 potions of curing {unknown}
 n - a potion of might
 p - a potion of flight {unknown}
 q - a potion of heal wounds {unknown}
Books
 b - a book of Flames

   Spells                             Type                      Level
   *Flame Tongue                      Conjuration/Fire             1
   Throw Flame                        Conjuration/Fire             2
   Conjure Flame                      Conjuration/Fire             3
   Inner Flame                        Hexes/Fire                   3
   Sticky Flame                       Conjuration/Fire             4
   Fireball                           Conjuration/Fire             5


   Skills:
 - Level 2.1 Dodging
 - Level 2.0 Stealth
 + Level 2.6 Spellcasting
 * Level 2.9 Conjurations
 * Level 4.6 Fire Magic


You had 7 spell levels left.
You knew the following spells:

 Your Spells              Type           Power        Failure   Level  Hunger
a - Flame Tongue          Conj/Fire      ##...        6%          1    #......


Dungeon Overview and Level Annotations

Branches:
Dungeon (2/16)

Altars:
Fedhas
The Shining One


Innate Abilities, Weirdness & Mutations

You have a beak for a mouth.
You have claws for feet.


Message History

You miss the adder. The adder misses you. The adder misses you.
You hit the adder. Your kick misses the adder. Your peck misses the adder.
The adder is lightly wounded.
The adder bites you.
You hit the adder but do no damage.
The adder is lightly wounded.
The adder bites you but does no damage.
You miss the adder.
The adder is lightly wounded.
The adder bites you.
* * * LOW HITPOINT WARNING * * *
The adder bites you.
* * * LOW HITPOINT WARNING * * *
You are poisoned.
The adder poisons you!
You are too injured to fight recklessly!
Drink which item? (? for menu, Esc to quit)
You feel very mighty all of a sudden.
It was a potion of might.
The adder bites you.
You die...

..# #.# ..# #.#
#.# #.# #.# #.#
#.####.# ####
#......# ..#
..###### #.# #
.#.#
####.###.####.#
..## #
#.....@Sg......
.##
#.#.##.###.####.#
.# #.#.##.# # .#
#.)....# .#
###.#### .# #.#
.# #.# .# ##.#
.###### #..#


You could see an adder and a goblin.

Vanquished Creatures
  4 adders
  3 giant geckos
  6 bats
  6 goblins
  6 hobgoblins
  6 kobolds
  A quokka (D:2)
  A giant cockroach (D:2)
  4 giant newts
  6 rats
43 creatures vanquished.

Notes
Turn   | Place    | Note
--------------------------------------------------------------
     0 | D:1      | Kae, the Tengu Fire Elementalist, began the quest for the Orb.
     0 | D:1      | Reached XP level 1. HP: 10/10 MP: 3/3
   224 | D:1      | Reached XP level 2. HP: 9/15 MP: 5/5
   471 | D:1      | Reached skill level 4 in Fire Magic
   497 | D:1      | Reached XP level 3. HP: 6/19 MP: 0/7
  1459 | D:2      | Reached XP level 4. HP: 17/24 MP: 0/9
  1658 | D:2      | Found a blossoming altar of Fedhas.
  1658 | D:2      | Found a glowing golden altar of the Shining One.
  1693 | D:2      | HP: 1/24 [poisoned by an adder]
  2132 | D:2      | Slain by an adder

Action                   |  1- 3 |  4- 6 || total
-------------------------+-------+-------++-------
Melee: Unarmed           |     9 |       ||     9
       Dagger            |    23 |    46 ||    69
 Cast: Flame Tongue      |    45 |     8 ||    53
  Use: Potion            |       |     1 ||     1
